 Dungeon Crawl Stone Soup version 0.26.1-11-gd32895ea62 (webtiles) character file.

Game seed: 7992929910605084725

1906 hilljack the Geomancer (level 9, -13/45 HPs)
             Began as a Gargoyle Earth Elementalist on July 5, 2021.
             Was a Follower of the Shining One.
             Killed from afar by Harold (19 damage)
             ... with a harpoon shot
             ... on level 6 of the Dungeon.
             The game lasted 00:21:06 (8868 turns).

hilljack the Geomancer (GrEE)                       Turns: 8868, Time: 00:21:06

Health: -13/45     AC: 17    Str: 15    XL:     9   Next: 16%
Magic:  24/24      EV: 10    Int: 21    God:    the Shining One [*.....]
Gold:   258        SH:  5    Dex: 17    Spells: 2/17 levels left

rFire    . . .     SeeInvis .   h - +1 rapier (speed)
rCold    + . .     Faith    .   a - +0 buckler
rNeg     + . .     Spirit   .   c - +5 ring mail "Ketupp" {rElec rC+ Str+2 Int+4}
rPois    ∞         Reflect  .   (no helmet)
rElec    +         Harm     .   t - +0 cloak
rCorr    .         Rampage  .   (no gloves)
Will     .....                  (no boots)
Stlth    +.........             (no amulet)
HPRegen  0.15/turn              b - ring of magical power
MPRegen  0.19/turn              i - +6 ring of dexterity

@: marked, hasted, glowing, very quick
A: negative energy resistance 1, electricity resistance, unbreathing,
petrification resistance, miasma immunity, AC +6
a: Renounce Religion


You were on level 6 of the Dungeon.
You worshipped the Shining One.
The Shining One was aware of your devotion.
You visited 2 branches of the dungeon, and saw 8 of its levels.

You collected 363 gold pieces.
You spent 105 gold pieces at shops.

Inventory:

Hand Weapons
 h - a +1 rapier of speed (weapon)
Missiles
 q - 28 stones
 r - 16 poisoned darts
Armour
 a - a +0 buckler (worn)
 c - the +5 ring mail "Ketupp" (worn) {rElec rC+ Str+2 Int+4}
   (You found it on level 6 of the Dungeon)

   It affects your strength (+2).
   It affects your intelligence (+4).
   It protects you from cold.
   It insulates you from electricity.
 n - the +1 leather armour of Apathy {+Inv rElec rF+}
   (You found it on level 4 of the Dungeon)

   It protects you from fire.
   It insulates you from electricity.
   It lets you turn invisible.
 t - a +0 cloak (worn)
Jewellery
 b - a ring of magical power (left hand)
 g - an uncursed ring of see invisible
 i - a +6 ring of dexterity (right hand)
Scrolls
 e - a scroll of teleportation
 f - 3 scrolls of remove curse
 j - a scroll of enchant weapon
 l - a scroll of fog
 p - a scroll of blinking
 s - a scroll of fear
Potions
 o - a potion of haste


   Skills:
 - Level 1.5 Dodging
 - Level 2.1 Stealth
 + Level 2.3 Shields
 - Level 4.5 Spellcasting
 - Level 7.5 Conjurations
 - Level 0.7 Transmutations
 - Level 9.9 Earth Magic


You had 2 spell levels left.
You knew the following spells:

 Your Spells              Type           Power        Failure   Level
a - Sandblast             Erth           92%          1%          1
b - Passwall              Tmut/Erth      22%          4%          2
c - Stone Arrow           Conj/Erth      82%          2%          3
d - Petrify               Tmut/Erth      27%          30%         4
e - Lee's Rapid Deconstr  Erth           23%          13%         5

Your spell library contained the following spells:

 Spells                   Type           Power        Failure   Level


Dungeon Overview and Level Annotations

Branches:
Dungeon (7/15)             Temple (1/1) D:5

Altars:
Ashenzari
Cheibriados
Dithmenos
Elyvilon
Fedhas
Gozag
Hepliaklqana
Makhleb
Nemelex Xobeh
Okawaru
Qazlal
Ru
Sif Muna
Trog
Uskayaw
Vehumet
Xom
Yredelemnul
Zin
The Shining One

Shops:
D:4 ?

Annotations:
D:3 Ijyb, Natasha
D:5 2 transporters
D:6 Harold


Innate Abilities, Weirdness & Mutations

You are resistant to torment.
Your stone body is resilient. (AC +6)
You are immune to poison.
You resist negative energy. (rN+)
You are resistant to electric shocks. (rElec)
You can survive without breathing.
You are immune to petrification.
You are immune to miasma.


Message History

The hound misses you.
You hit the hound.
The hound is almost dead.
The hound barely misses you. Harold hits you but does no damage.
You hit the hound.
You kill the hound!
Harold throws a throwing net.
The throwing net barely misses you.
You see here a hound corpse.
Harold throws a throwing net.
The throwing net hits you.
You become entangled in the net!
You see here a throwing net.
You tear a large gash into the net.
You struggle against the net.
Harold points at you and mumbles some strange words.
The mark upon you grows brighter.
You rip the net and break free!
Harold throws a throwing net.
The throwing net barely misses you. Harold fires a harpoon shot at you.
The harpoon shot hits you!!
You die...

#..###.........................#
##..#.......#.########...........
..............# #.######..##
##.##.......### #.# ##.##
##.####...############.# ###.##
...# #..............#.# #.....
#### ##.........###.#.# ##.##..
#########(# #.#.# ##.#.#.. #@#
#.#.# #....... #.# #.#.# #.......
#.# #.#.###....... #.#
#.#....#...#.. #†# #.#####.###...
#@# #.# ##.#.... #.# #.# ##...##
### #.# #.# #.#.## ..# #.###.#
#.#.##


You could see Harold.

Vanquished Creatures
  Pikel (D:4)
  Sigmund (D:5)
  Eustachio (D:4)
  Edmund (D:4)
  An ice beast (D:5)
  An orc warrior (D:6)
  2 sky beasts
  A scorpion (D:6)
  An orc priest (D:3)
  A centaur skeleton (D:5)
  3 hounds
  A jelly (D:6)
  Natasha (D:3)
  An iguana (D:4)
  Terence (D:3)
  4 orc wizards
  2 worker ants (D:6)
  A worker ant zombie (D:6)
  A gnoll (D:1)
  8 adders
  A shadow imp (D:5)
  An ooze (D:1)
  An adder skeleton (D:5)
  3 worms
  3 dart slugs
  6 leopard geckos
  10 orcs
  6 bats
  4 giant cockroaches
  6 goblins
  12 hobgoblins
  5 jackals
  5 kobolds
  4 quokkas
  3 ball pythons
  5 frilled lizards
  10 rats
119 creatures vanquished.

Notes
Turn   | Place    | Note
-------+----------+-------------------------------------------
     0 | D:1      | hilljack the Gargoyle Earth Elementalist began the quest
                  | for the Orb.
     0 | D:1      | Reached XP level 1. HP: 10/10 MP: 3/3
    61 | D:1      | Reached skill level 4 in Earth Magic
   147 | D:1      | Reached XP level 2. HP: 15/15 MP: 0/5
   252 | D:1      | Found a glowing golden altar of the Shining One.
   355 | D:1      | Became a worshipper of the Shining One
   696 | D:1      | Reached XP level 3. HP: 12/19 MP: 3/6
  1007 | D:1      | You fall into a shaft and drop 1 floor!
  1277 | D:1      | Reached skill level 5 in Earth Magic
  1596 | D:1      | Learned a level 2 spell: Passwall
  1600 | D:1      | Learned a level 3 spell: Stone Arrow
  1668 | D:2      | Reached XP level 4. HP: 18/24 MP: 8/8
  2118 | D:2      | Reached skill level 1 in Conjurations
  2471 | D:2      | Reached XP level 5. HP: 21/28 MP: 9/9
  2689 | D:3      | Found a radiant altar of Vehumet.
  2690 | D:3      | Found a sparkling altar of Nemelex Xobeh.
  2693 | D:3      | Found a white marble altar of Elyvilon.
  2936 | D:3      | Noticed Terence
  3358 | D:3      | Noticed Natasha
  3370 | D:3      | Killed Natasha
  3377 | D:3      | Noticed Natasha
  3377 | D:3      | Reached * piety under the Shining One
  3628 | D:3      | Learned a level 4 spell: Petrify
  3698 | D:3      | Noticed Ijyb
  3702 | D:4      | Noticed Eustachio
  3710 | D:5      | Entered Level 5 of the Dungeon
  3776 | D:5      | Found a staircase to the Ecumenical Temple.
  3792 | Temple   | Entered the Ecumenical Temple
  4014 | D:5      | Noticed a sky beast
  4303 | D:3      | Reached skill level 6 in Earth Magic
  4389 | D:3      | Reached XP level 6. HP: 32/32 MP: 7/11
  4685 | D:3      | Found a faded altar of an unknown god.
  4847 | D:4      | Killed a sky beast
  5041 | D:4      | Got an encrusted leather armour
  5052 | D:4      | Identified the +1 leather armour of Apathy {+Inv rElec rF+}
                  | (You found it on level 4 of the Dungeon)
  5118 | D:4      | Reached XP level 7. HP: 36/36 MP: 12/13
  5422 | D:4      | Found Weoziul's Magic Scroll Emporium.
  5432 | D:4      | Bought a scroll of blinking for 105 gold pieces
  6034 | D:3      | Killed Terence
  6114 | D:4      | Killed Eustachio
  6115 | D:4      | Reached skill level 7 in Earth Magic
  6357 | D:5      | Found a transporter.
  6474 | D:5      | Noticed Edmund
  6481 | D:5      | Noticed Pikel
  6495 | D:4      | Killed Edmund
  6679 | D:4      | Killed Pikel
  6680 | D:4      | Reached skill level 8 in Earth Magic
  6680 | D:4      | Reached XP level 8. HP: 12/41 MP: 14/14
  6927 | D:5      | Reached skill level 9 in Earth Magic
  7364 | D:5      | Found an iron altar of Okawaru.
  7371 | D:5      | Noticed Sigmund
  7375 | D:5      | Killed Sigmund
  7477 | D:5      | Found a sparkling altar of Nemelex Xobeh.
  7685 | D:5      | Found a transporter.
  7869 | D:6      | Reached XP level 9. HP: 24/45 MP: 15/15
  8057 | D:6      | Got an encrusted ring mail
  8068 | D:6      | Identified the +5 ring mail "Ketupp" {rElec rC+ Str+2
                  | Int+4} (You found it on level 6 of the Dungeon)
  8074 | D:6      | Learned a level 5 spell: Lee's Rapid Deconstruction
  8128 | D:6      | Reached skill level 1 in Shields
  8828 | D:7      | Noticed Harold
  8868 | D:6      | Killed from afar by Harold

Illustrated notes

Levels and vault maps discovered:
D:1:      wander_arrival_chamber, layout_loops_ring, minmay_misc_feat_diagonals,
          tso_altar
D:2:      layout_rooms, serial_curves, eino_curves_01, eino_curves_01,
          eino_curves_03, eino_curves_02
D:3:      layout_basic, chequers_temple_overflow_statue_of_worship,
          chequers_ecumenical_altar_grove, kennysheep_small_spiral, uniq_ijyb,
          uniq_terence, uniq_natasha
D:4:      layout_loops_cross, serial_shops, nicolae_shop_waterfront,
          minmay_misc_feat_alley, roderic_roman_lattice, uniq_eustachio
D:5:      gammafunk_steamed_eel, layout_basic, okawaru_trees_1,
          minmay_temple_entry_crystal_x, serial_bayou, serial_bayou_lagoon_b,
          serial_bayou_pond_c, serial_bayou_pond_d, serial_bayou_pond_e,
          serial_bayou_shore_b, nemelex_xobeh_ov_fountains_minmay, uniq_sigmund,
          uniq_pikel, uniq_edmund
D:6:      layout_loops_ring, nicolae_benzene_ring
D:7:      layout_rooms, serial_glass, glass_columns_c, glass_columns_b,
          glass_columns_c, enter_bailey_2, uniq_harold
Temple:   eino_temple_rhombus

Skill      XL: |  1  2  3  4  5  6  7  8  9 |
---------------+----------------------------+-----
Earth Magic    | 4 5 6 8 9 |  9.9
Conjurations   | 1 2 3 6 7 |  7.5
Spellcasting   | 3 4 |  4.5
Shields        | 2 |  2.3
Dodging        | |  1.5
Stealth        | |  2.1
Transmutations | |  0.7

Action                   |  1- 3 |  4- 6 |  7- 9 || total
-------------------------+-------+-------+-------++-------
Melee: Unarmed           |     3 |       |       ||     3
       Dagger            |     3 |       |       ||     3
       Whip              |    19 |   175 |    30 ||   224
       Rapier            |       |       |    99 ||    99
Throw: Dart              |       |       |     8 ||     8
 Cast: Sandblast         |    42 |    29 |    58 ||   129
       Stone Arrow       |       |    12 |       ||    12
  Use: Scroll            |     6 |     3 |     7 ||    16
       Potion            |       |     4 |     3 ||     7
Armor: Robe              |     4 |    47 |       ||    51
       Leather armour    |       |    27 |   115 ||   142
       Skin              |       |    16 |       ||    16
       Ring mail         |       |       |    24 ||    24
Dodge: Dodged            |    36 |   183 |   150 ||   369
Block: Buckler           |       |     6 |    38 ||    44
